[ AOE2 MATCH · #488320782 ]
UnrankedVietnamese vs Ethiopians
Player's team · LOSS
[ REPLAY ANALYSIS · EXTRACTED FROM THE RECORDED GAME ]
Feudal
10:33
Castle
—
Imperial
—
| APM avg | 16.7 |
| APM peak | 45 |
| eAPM avg | 7.2 |
| Villagers / military | 35 / 22 |
Focus
⚔️ 31.5% · 🌾 68.5%
Spearman ×10 · Archer ×8 · Scout Cavalry ×4
Feudal
13:55
Castle
28:08
Imperial
—
| APM avg | 16.9 |
| APM peak | 35 |
| eAPM avg | 6.7 |
| Villagers / military | 74 / 13 |
Focus
⚔️ 30.3% · 🌾 69.7%
Scout Cavalry ×13
Match map
Initial resources + every placement click. Lines = walls · curves = elevation contours. ◆ gold · ⬟ stone · ● berries · ✦ relic · ◌ wall gap
Your base· Open — unwalled flank
Rectal Prolapse's base· ✓ Closed at 28:08 · 87t walls · 1 gate(s)
Smoothed initial terrain · ◌ = detected wall gap · hover for details
Inputs per minute
— doubledigits6 - - Rectal Prolapse
Build order — doubledigits6
92 actions detected in the replay
| 0:11 | Build | House |
| 0:17 | Build | House |
| 1:09 | Create | Villager (Male) |
| 1:09 | Create | Villager (Male) |
| 1:09 | Create | Villager (Male) |
| 1:09 | Create | Villager (Male) |
| 1:10 | Create | Villager (Male) |
| 2:12 | Research | Loom |
| 3:56 | Create | Villager (Male) |
| 3:56 | Create | Villager (Male) |
| 3:56 | Create | Villager (Male) |
| 3:56 | Create | Villager (Male) |
| 4:31 | Build | Lumber Camp |
| 6:30 | Build | Mill |
| 8:23 | Research | Feudal Age |
| 9:10 | Create | Villager (Male) |
| 9:51 | Build | Barracks |
| 9:56 | Create | Villager (Male) |
| 9:57 | Create | Villager (Male) |
| 10:33 | Age | Feudal Age |
| 10:39 | Research | Horse Collar |
| 11:04 | Build | Archery Range |
| 11:59 | Build | House |
| 12:13 | Create | Archer |
| 12:45 | Build | House |
| 12:53 | Create | Villager (Male) |
| 12:53 | Create | Villager (Male) |
| 12:53 | Create | Villager (Male) |
| 12:54 | Create | Villager (Male) |
| 12:54 | Create | Villager (Male) |
| 13:31 | Build | Mining Camp |
| 13:39 | Create | Spearman |
| 13:40 | Create | Spearman |
| 13:40 | Create | Spearman |
| 14:00 | Build | Farm |
| 14:41 | Build | Farm |
| 14:48 | Build | Farm |
| 14:53 | Build | Farm |
| 15:19 | Build | Farm |
| 15:47 | Build | Farm |
| 16:05 | Create | Archer |
| 16:05 | Create | Archer |
| 16:24 | Create | Spearman |
| 16:24 | Create | Spearman |
| 16:24 | Create | Spearman |
| 16:39 | Create | Villager (Male) |
| 16:39 | Create | Villager (Male) |
| 16:53 | Build | House |
| 17:26 | Build | House |
| 17:56 | Build | Farm |
| 18:30 | Build | Stable |
| 19:14 | Create | Spearman |
| 19:14 | Create | Spearman |
| 19:14 | Create | Spearman |
| 19:15 | Create | Spearman |
| 21:16 | Create | Villager (Male) |
| 21:16 | Create | Villager (Male) |
| 21:16 | Create | Villager (Male) |
| 22:03 | Build | Palisade Wall |
| 22:29 | Create | Villager (Male) |
| 22:30 | Create | Villager (Male) |
| 22:30 | Create | Villager (Male) |
| 22:49 | Build | Palisade Wall |
| 23:42 | Build | Palisade Wall |
| 24:31 | Create | Villager (Male) |
| 24:31 | Create | Villager (Male) |
| 24:31 | Create | Villager (Male) |
| 24:32 | Create | Villager (Male) |
| 25:13 | Build | Palisade Wall |
| 26:02 | Create | Villager (Male) |
| 26:02 | Create | Villager (Male) |
| 26:02 | Create | Villager (Male) |
| 26:51 | Build | Palisade Wall |
| 27:44 | Build | Mining Camp |
| 27:49 | Create | Scout Cavalry |
| 27:49 | Create | Scout Cavalry |
| 28:07 | Create | Villager (Male) |
| 29:28 | Build | Palisade Wall |
| 29:33 | Build | Palisade Gate |
| 30:16 | Create | Villager (Male) |
| 30:17 | Create | Villager (Male) |
| 30:20 | Research | Wheelbarrow |
| 30:37 | Create | Archer |
| 30:38 | Create | Archer |
| 30:38 | Create | Archer |
| 30:38 | Create | Archer |
| 30:38 | Create | Archer |
| 30:41 | Create | Scout Cavalry |
| 30:41 | Create | Scout Cavalry |
| 32:05 | Build | House |
| 32:43 | Build | House |
| 34:16 | Build | Watch Tower |
Build order — Rectal Prolapse
106 actions detected in the replay
| 0:04 | Build | House |
| 0:06 | Build | House |
| 0:26 | Create | Villager (Male) ×4 |
| 0:35 | Research | Loom |
| 0:40 | Create | Villager (Male) ×3 |
| 3:34 | Create | Villager (Male) ×3 |
| 5:00 | Create | Villager (Male) |
| 5:02 | Create | Villager (Male) ×2 |
| 5:38 | Build | Outpost |
| 5:44 | Build | Outpost |
| 6:15 | Create | Villager (Male) |
| 6:15 | Create | Villager (Male) |
| 6:28 | Build | House |
| 6:45 | Build | Lumber Camp |
| 7:06 | Create | Villager (Male) ×5 |
| 8:10 | Create | Villager (Male) |
| 8:42 | Create | Villager (Male) |
| 8:50 | Build | House |
| 8:52 | Build | House |
| 10:03 | Build | Mill |
| 10:15 | Create | Villager (Male) |
| 11:13 | Build | Palisade Wall |
| 11:22 | Build | Palisade Wall |
| 11:32 | Build | Palisade Wall |
| 11:37 | Build | Palisade Wall |
| 11:45 | Research | Feudal Age |
| 11:49 | Create | Villager (Male) ×5 |
| 12:45 | Build | Barracks |
| 12:55 | Build | Palisade Wall |
| 13:55 | Age | Feudal Age |
| 14:12 | Build | Stable |
| 14:18 | Build | Stable |
| 14:27 | Build | House |
| 14:28 | Build | House |
| 14:36 | Create | Scout Cavalry ×5 |
| 14:48 | Create | Villager (Male) ×5 |
| 15:08 | Create | Scout Cavalry |
| 15:09 | Create | Scout Cavalry |
| 15:18 | Create | Scout Cavalry |
| 15:20 | Create | Scout Cavalry |
| 15:28 | Create | Scout Cavalry |
| 15:48 | Create | Villager (Male) |
| 15:57 | Create | Villager (Male) |
| 16:05 | Research | Double-Bit Axe |
| 16:13 | Build | Farm |
| 16:13 | Build | Farm |
| 16:14 | Build | Farm |
| 16:14 | Build | Farm |
| 16:58 | Build | Blacksmith |
| 17:25 | Research | Forging |
| 17:54 | Create | Villager (Male) |
| 18:07 | Build | Mining Camp |
| 18:17 | Build | Farm |
| 18:17 | Build | Farm |
| 18:18 | Build | Farm |
| 18:18 | Build | Farm |
| 18:19 | Build | Farm |
| 18:19 | Build | Farm |
| 18:20 | Build | Farm |
| 19:16 | Create | Villager (Male) ×2 |
| 19:41 | Build | House |
| 19:42 | Build | House |
| 19:59 | Build | Palisade Wall |
| 20:01 | Build | Palisade Wall |
| 20:18 | Create | Villager (Male) ×3 |
| 20:30 | Build | Farm |
| 20:36 | Build | Farm |
| 20:38 | Build | Farm |
| 20:39 | Build | Farm |
| 20:41 | Build | Farm |
| 20:43 | Build | Farm |
| 20:44 | Build | Farm |
| 20:53 | Build | Mill |
| 21:55 | Create | Villager (Male) ×5 |
| 23:00 | Build | Palisade Wall |
| 23:10 | Build | Palisade Wall |
| 23:16 | Create | Villager (Male) |
| 23:17 | Create | Villager (Male) |
| 23:23 | Build | House |
| 23:25 | Build | House |
| 25:21 | Create | Villager (Male) ×5 |
| 25:27 | Research | Castle Age |
| 25:30 | Create | Villager (Male) ×5 |
| 26:49 | Build | Mining Camp |
| 27:00 | Build | Palisade Wall |
| 27:04 | Create | Villager (Male) ×5 |
| 27:16 | Build | Palisade Gate |
| 27:52 | Research | Stone Mining |
| 28:08 | Age | Castle Age |
| 28:24 | Build | University |
| 29:09 | Create | Scout Cavalry |
| 29:10 | Create | Scout Cavalry |
| 29:10 | Create | Scout Cavalry |
| 29:18 | Research | Murder Holes |
| 29:20 | Research | Ballistics |
| 29:27 | Create | Villager (Male) |
| 29:28 | Create | Villager (Male) ×5 |
| 30:01 | Build | Farm |
| 30:10 | Research | Stone Shaft Mining |
| 30:26 | Build | Palisade Gate |
| 31:25 | Create | Villager (Male) ×5 |
| 31:34 | Build | Lumber Camp |
| 31:47 | Build | House |
| 31:48 | Build | House |
| 31:49 | Build | House |
| 33:44 | Build | Castle |
Match timeline
| 9:51 | doubledigits6 · first_building Barracks |
| 10:33 | doubledigits6 · age_up feudal |
| 11:04 | doubledigits6 · first_building Archery Range |
| 11:13 | Rectal Prolapse · wall_segment Palisade Wall x6 |
| 11:22 | Rectal Prolapse · wall_segment Palisade Wall x3 |
| 11:32 | Rectal Prolapse · wall_segment Palisade Wall x10 |
| 11:37 | Rectal Prolapse · wall_segment Palisade Wall x6 |
| 12:45 | Rectal Prolapse · first_building Barracks |
| 12:55 | Rectal Prolapse · wall_segment Palisade Wall x8 |
| 13:55 | Rectal Prolapse · age_up feudal |
| 14:12 | Rectal Prolapse · first_building Stable |
| 18:30 | doubledigits6 · first_building Stable |
| 19:59 | Rectal Prolapse · wall_segment Palisade Wall x11 |
| 20:01 | Rectal Prolapse · wall_segment Palisade Wall x1 |
| 22:03 | doubledigits6 · wall_segment Palisade Wall x9 |
| 22:49 | doubledigits6 · wall_segment Palisade Wall x15 |
| 23:00 | Rectal Prolapse · wall_segment Palisade Wall x15 |
| 23:10 | Rectal Prolapse · wall_segment Palisade Wall x19 |
| 23:42 | doubledigits6 · wall_segment Palisade Wall x4 |
| 25:13 | doubledigits6 · wall_segment Palisade Wall x3 |
| 26:51 | doubledigits6 · wall_segment Palisade Wall x2 |
| 27:00 | Rectal Prolapse · wall_segment Palisade Wall x10 |
| 28:08 | Rectal Prolapse · age_up castle |
| 29:28 | doubledigits6 · wall_segment Palisade Wall x7 |
| 33:44 | Rectal Prolapse · first_building Castle |
| 34:38 | doubledigits6 · resign |
[ AI ANALYSIS · 1 CREDIT ]
What really happened in this match?
Wolo.gg analyzes every decision: build order, eco, micro, common mistakes by bracket. Personalized analysis on WhatsApp or Discord in 30 seconds.
Civ guide
Vietnamese
Perfil
Jugador #6239213